cohdb
Replays
Latest Replays
All Replays
Popular Replays
Top Player Replays
Match Explorer
How It Works
Community
CoH3 Stats
Reddit
Sign in to upload your games and track your stats! →
Sign in with Steam
Match 44277353
Unlisted
Match 44277353
Overview
Messages
Build Orders
End
Engineer Squad
Construct Weapon Support Center
M1919 Machine Gun Team
M1919 Machine Gun Team
Bazooka Squad
Bazooka Squad
Infantry Support Center
Improved M9 Bazooka Rockets
Selects Advanced Infantry Battlegroup
Selects Convert to Ranger Squad
Bazooka Squad
Construct Motor Pool
Selects Frontline Medical Station
Frontline Medical Station
Raiden
Dark Angels
Tirant
rabbit hole
Gwangju's Hero Chun Doo-gwang
JL
HJT95
I scream
0
0
Comments
sign in to comment!
No comments posted yet!